 Dungeon Crawl Stone Soup version 0.28-a0-793-g31680bbd8b (webtiles) character file.

Game seed: 11785708109641371372

53 Ijustatesigmund the Covert (level 3, -1/35 HPs)
             Began as a Gnoll Delver on Nov 4, 2021.
             Slain by a mummy (7 damage)
             ... in an ossuary.
             The game lasted 00:02:15 (909 turns).

Ijustatesigmund the Covert (Gnoll Delver)            Turns: 909, Time: 00:02:16

Health: -1/35      AC:  3    Str: 11    XL:     3   Next: 87%
Magic:  4/4        EV: 13    Int: 10    God:
Gold:   15         SH:  0    Dex: 13    Spells: 4/4 levels left

rFire   . . .      SeeInvis .   a - +0 hand axe
rCold   . . .      Faith    .   (no shield)
rNeg    . . .      Spirit   .   b - +0 leather armour
rPois   .          Reflect  .   (no helmet)
rElec   .          Harm     .   (no cloak)
rCorr   .          Rampage  .   (no gloves)
Will    .....                   (no boots)
Stlth   ++++......              (no amulet)
HPRegen 0.11/turn               (no ring)
MPRegen 0.09/turn               (no ring)

@: hasted, very quick
A: fangs 1, strong nose, distributed training
a: no special abilities


You were in an ossuary.
You visited 1 branch of the dungeon, and saw 1 of its levels.
You also visited: Ossuary.

You collected 15 gold pieces.

Inventory:

Hand Weapons
 a - a +0 hand axe (weapon)
Armour
 b - a +0 leather armour (worn)
Wands
 g - a wand of digging (3)
Scrolls
 c - a scroll of fog
 d - a scroll of magic mapping
 e - a scroll of fear


   Skills:
 + Level 6.5 Fighting
 + Level 1.0 Short Blades
 + Level 1.0 Long Blades
 + Level 4.6 Axes
 + Level 1.0 Maces & Flails
 + Level 1.0 Polearms
 + Level 1.0 Staves
 + Level 1.0 Slings
 + Level 1.0 Bows
 + Level 1.0 Crossbows
 + Level 1.0 Throwing
 + Level 1.0 Armour
 + Level 4.6 Dodging
 + Level 9.6 Stealth
 + Level 1.0 Shields
 + Level 1.0 Unarmed Combat
 + Level 1.0 Spellcasting
 + Level 0.7 Conjurations
 + Level 0.7 Hexes
 + Level 0.7 Summonings
 + Level 0.7 Necromancy
 + Level 0.7 Translocations
 + Level 0.7 Transmutations
 + Level 0.7 Fire Magic
 + Level 0.7 Ice Magic
 + Level 0.7 Air Magic
 + Level 0.7 Earth Magic
 + Level 0.7 Poison Magic
 + Level 1.0 Invocations
 + Level 1.0 Evocations


You had 4 spell levels left.
You didn't know any spells.
Your spell library was empty.

Dungeon Overview and Level Annotations

Branches:
Dungeon (5/15)            Ossuary (1/1)
 Temple: D:4-7

Altars:


Innate Abilities, Weirdness & Mutations

You have very sharp teeth.
Your uncanny sense of smell can sniff out nearby items.
Your experience applies equally to all skills.


Message History

You aren't carrying any potions.
Unknown command.
Okay, then.
You hit the mummy but do no damage.
The mummy is severely damaged.
You closely miss the mummy.
The mummy is severely damaged.
The mummy barely misses you.
You hit the mummy. Your bite misses the mummy.
The mummy is almost destroyed.
You hit the mummy but do no damage.
The mummy is almost destroyed.
A gnoll skeleton comes into view.
You hit the mummy. You bite the mummy, but do no damage.
The mummy is almost destroyed.
The mummy hits you.
* * * LOW HITPOINT WARNING * * *
You hit the mummy.
You destroy the mummy!
Your Short Blades skill increases to level 1!
Your Long Blades skill increases to level 1!
Your Maces & Flails skill increases to level 1!
Your Polearms skill increases to level 1!
Your Staves skill increases to level 1!
Your Slings skill increases to level 1!
Your Bows skill increases to level 1!
Your Crossbows skill increases to level 1!
Your Throwing skill increases to level 1!
Your Armour skill increases to level 1!
Your Shields skill increases to level 1!
Your Unarmed Combat skill increases to level 1!
Your Spellcasting skill increases to level 1!
Your Evocations skill increases to level 1!
The mummy barely misses you.
You completely miss the mummy. You bite the mummy, but do no damage.
You hit the mummy.
The mummy is moderately damaged.
You hit the mummy. You bite the mummy.
The mummy is moderately damaged.
The mummy hits you!
You die...

##..##..## ∆∆∆∆ ..##..##..##
#..##..## ∆ ∆ #Z.##..##..##
..##..## ∆ #..##..##..# .##..##
∆∆ #..##..##.. ##..## ∆∆
#..##..##. #..## #..##..## ..##
#..##..#
.##########################..##..
................@M..Z.........##.
#################################
.................................
#################################


You could see a mummy and a gnoll skeleton.

Vanquished Creatures
  2 mummies (Ossuary)
  3 gnoll skeletons (Ossuary)
  2 gnoll zombies (Ossuary)
  4 goblin skeletons (Ossuary)
  4 goblin zombies (Ossuary)
  3 hobgoblin skeletons (Ossuary)
  6 hobgoblin zombies (Ossuary)
  6 kobold skeletons (Ossuary)
  3 kobold zombies (Ossuary)
  2 orc skeletons (Ossuary)
  4 orc zombies (Ossuary)
  A rat skeleton (Ossuary)
  2 rat zombies (Ossuary)
42 creatures vanquished.

Notes
Turn   | Place    | Note
-------+----------+-------------------------------------------
     0 | D:5      | Reached skill level 9 in Stealth
     0 | D:5      | Ijustatesigmund the Gnoll Delver began the quest for the
                  | Orb.
     0 | D:5      | Reached XP level 1. HP: 23/23 MP: 1/1
    10 | D:5      | Found a sand-covered staircase.
    17 | Ossuary  | Entered an ossuary
   145 | Ossuary  | Reached XP level 2. HP: 29/29 MP: 2/2
   767 | Ossuary  | Reached XP level 3. HP: 35/35 MP: 3/3
   800 | Ossuary  | Reached skill level 1 in Invocations
   906 | Ossuary  | Reached skill level 1 in Short Blades
   906 | Ossuary  | Reached skill level 1 in Long Blades
   906 | Ossuary  | Reached skill level 1 in Maces & Flails
   906 | Ossuary  | Reached skill level 1 in Polearms
   906 | Ossuary  | Reached skill level 1 in Staves
   906 | Ossuary  | Reached skill level 1 in Slings
   906 | Ossuary  | Reached skill level 1 in Bows
   906 | Ossuary  | Reached skill level 1 in Crossbows
   906 | Ossuary  | Reached skill level 1 in Throwing
   906 | Ossuary  | Reached skill level 1 in Armour
   906 | Ossuary  | Reached skill level 1 in Shields
   906 | Ossuary  | Reached skill level 1 in Unarmed Combat
   906 | Ossuary  | Reached skill level 1 in Spellcasting
   906 | Ossuary  | Reached skill level 1 in Evocations
   909 | Ossuary  | Slain by a mummy

Illustrated notes

Levels and vault maps discovered:
D:5:      layout_basic, mainiacjoe_overflow_boulevard,
          chequers_ossuary_entry_cave, nicolae_shop_gadgets, uniq_pikel
Ossuary:  ossuary_due_pyramid

Skill      XL: |  1  2  3 |
---------------+----------+-----
Stealth        | |  9.6
Invocations    | 1 |  1.0
Short Blades   | 1 |  1.0
Long Blades    | 1 |  1.0
Maces & Flails | 1 |  1.0
Polearms       | 1 |  1.0
Staves         | 1 |  1.0
Slings         | 1 |  1.0
Bows           | 1 |  1.0
Crossbows      | 1 |  1.0
Throwing       | 1 |  1.0
Armour         | 1 |  1.0
Shields        | 1 |  1.0
Unarmed Combat | 1 |  1.0
Spellcasting   | 1 |  1.0
Evocations     | 1 |  1.0
Fighting       | |  6.5
Axes           | |  4.6
Dodging        | |  4.6
Conjurations   | |  0.7
Hexes          | |  0.7
Summonings     | |  0.7
Necromancy     | |  0.7
Translocations | |  0.7
Transmutations | |  0.7
Fire Magic     | |  0.7
Ice Magic      | |  0.7
Air Magic      | |  0.7
Earth Magic    | |  0.7
Poison Magic   | |  0.7

Action                   || total
-------------------------++-------
Melee: Hand axe          ||   164
       Bite              ||    24
  Use: Potion            ||     1
 Stab: Sleeping          ||     5
Armor: Leather armour    ||    25
Dodge: Dodged            ||    74

Table legend: (Time is in decaauts)
 A = Elapsed time spent in this place.
 B = Non-inter-level travel time spent in this place.
 C = Inter-level travel time spent in this place.
 D = Time resting spent in this place.
 E = Time spent auto-exploring this place.
 F = Levels seen in this place.
 G = Mean time per level.
                   A        B        C        D        E       F      G
               +--------+--------+--------+--------+--------+-----+--------+
         Total |    917 |    917 |      0 |    340 |    178 |   2 |  458.5 |
       Dungeon |     17 |     17 |      0 |      0 |      9 |   1 |   17.0 |
       Ossuary |    900 |    900 |      0 |    340 |    169 |   1 |  900.0 |
               +--------+--------+--------+--------+--------+-----+--------+

Top non-repeatable levels by time:
 Ossuary: 900 daAuts
     D:5: 17 daAuts
